 Dungeon Crawl Stone Soup version 0.21.1 (webtiles) character file.

10420 JeffiDaFish the Nimble (level 11, -5/56 HPs)
             Began as a Spriggan Venom Mage on Feb 4, 2018.
             Was a Believer of Sif Muna.
             Slain by a gargoyle
             ... wielding a +0 mace
              (22 damage)
             ... on level 8 of the Dungeon.
             The game lasted 00:48:28 (14108 turns).

JeffiDaFish the Nimble (Spriggan Venom Mage)       Turns: 14108, Time: 00:48:29

Health: -5/56      AC:  7    Str:  7    XL:     11   Next: 35%
Magic:  24/24      EV: 25    Int: 19    God:    Sif Muna [**....]
Gold:   294        SH:  0    Dex: 18    Spells: 11/26 levels left

rFire    + . .     SeeInvis +   h - +2 rapier
rCold    + . .     Gourm    .   (shield restricted)
rNeg     . . .     Faith    .   a - +1 robe
rPois    .         Spirit   .   m - +2 hat
rElec    +         Reflect  .   (no cloak)
rCorr    +         Harm     .   (gloves unavailable)
MR       +....     Rnd*Tele +   (boots unavailable)
Stlth    ++++......             (no amulet)
HPRegen  0.18/turn              e - ring of teleportation (curse)
MPRegen  0.19/turn              n - ring of Inlayf {rCorr rElec rF+ rC+ Str+3}

@: drained, divine energy, very quick
A: very small, unfitting armour, yellow scales 1, see invisible, herbivore,
speed 3, mutation resistance 1, slow metabolism 2
a: Stop Divine Energy, Renounce Religion


You were on level 8 of the Dungeon.
You worshipped Sif Muna.
Sif Muna was pleased with you.
You were not hungry.

You visited 3 branches of the dungeon, and saw 11 of its levels.

You collected 534 gold pieces.
You spent 240 gold pieces at shops.

Inventory:

Hand Weapons
 h - a +2 rapier (weapon)
Armour
 a - a +1 robe (worn)
 m - a +2 hat (worn)
Jewellery
 e - a cursed ring of teleportation (left hand)
 n - the ring of Inlayf (right hand) {rCorr rElec rF+ rC+ Str+3}
   (You found it on level 6 of the Dungeon)

   [ring of resist corrosion]

   It affects your strength (+3).
   It protects you from fire.
   It protects you from cold.
   It insulates you from electricity.
Wands
 o - a wand of flame (1)
Scrolls
 d - 12 scrolls of identify
 g - 2 scrolls of remove curse
 i - a scroll of magic mapping
Potions
 f - 2 potions of ambrosia
 l - a potion of agility
 q - a potion of haste
Books
 b - a Young Poisoner's Handbook

   Spells                             Type                      Level
   a - Sting                          Conjuration/Poison           1
   b - Poisonous Vapours              Poison/Air                   2
   c - Mephitic Cloud                 Conjuration/Poison/Air       3
   d - Olgreb's Toxic Radiance        Poison                       4
   e - Venom Bolt                     Conjuration/Poison           5
Comestibles
 c - 9 rations


   Skills:
 + Level 5.4(5.3) Fighting
 + Level 6.5(6.4) Short Blades
 * Level 9.4(9.3) Dodging
 - Level 6.6(6.5) Stealth
 * Level 8.0 Spellcasting
 * Level 5.2(5.1) Conjurations
 + Level 5.9 Air Magic
 + Level 7.5(7.4) Poison Magic
 * Level 3.4 Invocations


You had 11 spell levels left.
You knew the following spells:

 Your Spells              Type           Power        Failure   Level  Hunger
a - Sting                 Conj/Pois      ####         1%          1    None
b - Poisonous Vapours     Pois/Air       ####..       1%          2    None
c - Mephitic Cloud        Conj/Pois/Air  ####....     2%          3    None
d - Olgreb's Toxic Radia  Pois           #####...     4%          4    ###....
e - Venom Bolt            Conj/Pois      ####......   19%         5    #####..


Dungeon Overview and Level Annotations

Branches:
Dungeon (9/15)             Temple (1/1) D:4            Lair (1/6) D:8
    Orc: D:9-12

Altars:
Ashenzari
Cheibriados
Dithmenos
Elyvilon
Fedhas
Gozag
Hepliaklqana
Kikubaaqudgha
Makhleb
Okawaru
Qazlal
Ru
Sif Muna
Trog
Vehumet
Wu Jian
Xom
Yredelemnul
Zin
The Shining One
Lugonu

Shops:
D:4 %

Annotations:
D:9 MrWiggles77's ghost, novice DsGl


Innate Abilities, Weirdness & Mutations

You are very small and have problems with some larger weapons.
You are too small for most types of armour.
You have supernaturally acute eyesight. (SInv)
You are a herbivore.
You cover ground extremely quickly.
You need consume almost no food.
You are partially covered in yellow scales. (AC +2)
You are somewhat resistant to further mutation.


Message History

The gargoyle is lightly damaged.
The gargoyle hurls a stone arrow at you.
The stone arrow hits you!
You hit the gargoyle but do no damage.
The gargoyle is lightly damaged.
The gargoyle closely misses you.
You hit the gargoyle.
The gargoyle is lightly damaged.
The gargoyle hits you with a mace!
You hit the gargoyle but do no damage.
The gargoyle is lightly damaged.
The gargoyle hurls a stone arrow at you.
The stone arrow hits you!
* * * LOW HITPOINT WARNING * * *
You hit the gargoyle.
The gargoyle is lightly damaged.
You closely miss the gargoyle.
The gargoyle is lightly damaged.
The gargoyle hits you with a mace!!
You die...

##.###...####........
#########..###...............
#......#.........########.###
#..........####.## #........
#......#...##...# ###.###.###
#......##.##<)#####...###.#
#......##.##.## ##..####..# ###
###.#..)...#.# #..## #...### ..##
#.#......9@####.#####....## ...##
#.#.......#................
....###.#.........##...).........
................(.....#..........
....###.#........................
..........>.........#####..###.#.
....####.###..##..###......# #..(
....# #.###..#...###.##.#####..#
....####....(.!.........).......#


You could see a gargoyle.

Vanquished Creatures
  6 death yaks
  A gargoyle (D:9)
  A komodo dragon (Lair:1)
  The ghost of dylex the Insei, an amateur GnTm of the Shining One (D:4)
  A hippogriff (D:9)
  A hornet (D:9)
  2 blink frogs (Lair:1)
  3 yaks (D:9)
  A human (D:6)
  A hungry ghost (D:7)
  Menkaure (D:6)
  2 water moccasins (Lair:1)
  4 porcupines (Lair:1)
  Duvessa (D:6)
  2 orc warriors
  An eye of draining (D:7)
  Purgy (D:4)
  2 ice beasts
  3 ogres
  A phantom (D:9)
  7 centaurs
  A crocodile (Lair:1)
  Dowan (D:6)
  8 killer bees
  3 scorpions
  7 wights
  4 howler monkeys
  3 crimson imps
  A centaur zombie (D:6)
  2 jellies
  5 hounds
  A bullfrog skeleton (D:4)
  A gnoll shaman (D:8)
  4 orc priests
  2 iguanas
  6 orc wizards
  4 worker ants
  A killer bee zombie (D:7)
  3 hound skeletons
  3 gnolls (D:8)
  10 adders
  2 adder zombies (D:6)
  2 adder skeletons
  2 worms (D:5)
  2 dart slugs
  7 leopard geckos
  26 orcs
  6 giant cockroaches
  9 goblins
  10 hobgoblins
  11 jackals
  12 kobolds
  2 quokkas
  4 ball pythons
  6 bats
  4 frilled lizards
  A jackal zombie (D:6)
  A leopard gecko skeleton (D:4)
  12 rats
  A butterfly (D:5)
  A fungus (D:1)
234 creatures vanquished.

Vanquished Creatures (others)
  A blink frog (Lair:1)
  An ogre (D:4)
  A howler monkey (D:4)
  A worker ant (D:4)
4 creatures vanquished.

Grand Total: 238 creatures vanquished

Notes
Turn   | Place    | Note
-------+----------+-------------------------------------------
     0 | D:1      | JeffiDaFish the Spriggan Venom Mage began the quest for the Orb.
     0 | D:1      | Reached XP level 1. HP: 9/9 MP: 5/5
   249 | D:1      | Reached XP level 2. HP: 13/13 MP: 2/6
   385 | D:1      | Learned a level 2 spell: Poisonous Vapours
  1282 | D:2      | Found a shattered altar of Ashenzari.
  1307 | D:2      | Reached skill level 1 in Conjurations
  1307 | D:2      | Reached XP level 3. HP: 16/16 MP: 0/8
  1507 | D:2      | Found a blossoming altar of Fedhas.
  1678 | D:2      | Found an iron altar of Okawaru.
  1685 | D:2      | Found a bloodstained altar of Trog.
  1974 | D:2      | Found a burning altar of Makhleb.
  1986 | D:2      | Learned a level 3 spell: Mephitic Cloud
  2278 | D:3      | Reached skill level 4 in Dodging
  2278 | D:3      | Reached XP level 4. HP: 21/21 MP: 3/10
  3184 | D:3      | Learned a level 4 spell: Olgreb's Toxic Radiance
  3212 | D:3      | Reached skill level 1 in Air Magic
  3212 | D:3      | Reached XP level 5. HP: 24/24 MP: 8/11
  3974 | D:4      | Killed an ogre
  3987 | D:4      | Noticed dylex's ghost (amateur GnTm)
  4085 | D:4      | Noticed a centaur
  4091 | D:4      | Killed a centaur
  4091 | D:4      | Reached skill level 5 in Dodging
  4168 | D:4      | Found Teneostre's Food Shop.
  4171 | D:4      | Found a staircase to the Ecumenical Temple.
  4188 | D:4      | Reached XP level 6. HP: 17/28 MP: 10/13
  4195 | Temple   | Entered the Ecumenical Temple
  4396 | D:4      | Killed dylex's ghost
  4396 | D:4      | Reached skill level 5 in Stealth
  4396 | D:4      | Reached skill level 5 in Spellcasting
  4424 | D:4      | Reached XP level 7. HP: 26/32 MP: 8/15
  4442 | D:4      | Bought a ration for 50 gold pieces
  4442 | D:4      | Bought a ration for 50 gold pieces
  4442 | D:4      | Bought a ration for 50 gold pieces
  4457 | D:4      | Noticed Purgy
  4502 | D:4      | Killed Purgy
  4502 | D:4      | Reached skill level 6 in Dodging
  4876 | D:4      | Found a shimmering altar of Xom.
  4895 | D:4      | Found a white marble altar of Elyvilon.
  5456 | D:5      | Entered Level 5 of the Dungeon
  5666 | D:5      | Reached skill level 1 in Short Blades
  5735 | D:5      | Found a hazy altar of Hepliaklqana.
  6014 | D:5      | Reached skill level 1 in Fighting
  6035 | D:5      | Reached skill level 7 in Dodging
  6035 | D:5      | Reached XP level 8. HP: 37/37 MP: 14/18
  6511 | D:5      | Found a stormy altar of Qazlal.
  6512 | D:5      | Found an ancient bone altar of Kikubaaqudgha.
  6909 | D:6      | Found Zin's Purification Station.
  6909 | D:6      | Found a glowing silver altar of Zin.
  6920 | D:6      | Bought a potion of curing for 90 gold pieces
  6936 | D:6      | Noticed Menkaure
  7320 | D:6      | Got a glittering tin ring
  7321 | D:6      | Identified the ring of Inlayf {rCorr rElec rF+ rC+ Str+3} (You found it on level 6 of the Dungeon)
  7390 | D:6      | Found a runed door.
  7394 | D:6      | Found a basalt altar of Yredelemnul.
  7419 | D:6      | Noticed Duvessa
  7421 | D:6      | Noticed Dowan
  7431 | D:6      | Reached skill level 5 in Poison Magic
  7895 | D:6      | Killed Menkaure
  7895 | D:6      | Reached XP level 9. HP: 42/42 MP: 19/19
  7950 | D:6      | Killed Duvessa
  7964 | D:6      | Killed Dowan
  8199 | D:7      | Found a shadowy altar of Dithmenos.
  8577 | D:7      | Gained mutation: You are partially covered in yellow scales. (AC +2) [potion of mutation]
  8577 | D:7      | Gained mutation: You are somewhat resistant to further mutation. [potion of mutation]
  8770 | D:7      | Found a deep blue altar of Sif Muna.
  8775 | D:7      | Became a worshipper of Sif Muna the Loreminder
  9264 | D:8      | Noticed a death yak
  9291 | D:8      | Noticed a death yak
  9292 | D:8      | Noticed a death yak
  9292 | D:8      | Noticed a death yak
  9292 | D:8      | Noticed a death yak
  9486 | D:8      | Noticed a death yak
  9893 | D:7      | Killed a death yak
  9893 | D:7      | Reached * piety under Sif Muna
  9893 | D:7      | Reached skill level 5 in Short Blades
  9893 | D:7      | Reached XP level 10. HP: 24/49 MP: 1/20
 10113 | D:7      | Killed a death yak
 10113 | D:7      | Reached skill level 5 in Air Magic
 10421 | D:8      | Found a staircase to the Lair.
 10810 | D:7      | Killed a death yak
 10810 | D:7      | Reached skill level 8 in Dodging
 10810 | D:7      | Reached skill level 1 in Invocations
 11035 | D:7      | Killed a death yak
 11229 | D:7      | Killed a death yak
 11229 | D:7      | Reached ** piety under Sif Muna
 11524 | D:8      | Killed a death yak
 11524 | D:8      | Reached skill level 5 in Fighting
 11867 | D:9      | Noticed MrWiggles77's ghost (novice DsGl)
 11902 | Lair:1   | Entered Level 1 of the Lair of Beasts
 11985 | Lair:1   | Noticed a spiny frog
 12098 | Lair:1   | Reached XP level 11. HP: 56/56 MP: 16/23
 12135 | Lair:1   | Reached skill level 9 in Dodging
 12290 | Lair:1   | Reached skill level 5 in Conjurations
 12298 | Lair:1   | Noticed a five-headed hydra
 12376 | D:8      | Learned a level 5 spell: Venom Bolt
 12507 | D:9      | HP: 1/56 [gargoyle/stone arrow (15)]
 14108 | D:8      | Slain by a gargoyle

Skill      XL: |  1  2  3  4  5  6  7  8  9 10 11 |
---------------+----------------------------------+-----
Spellcasting   | 3 4 5 6 7 8 |  8.0
Conjurations   | 1 2 3 4 5 |  5.2
Dodging        | 4 5 7 8 9 |  9.4
Stealth        | 4 5 6 |  6.6
Air Magic      | 1 2 3 4 5 |  5.9
Poison Magic   | 4 5 6 7 |  7.5
Short Blades   | 1 3 5 6 |  6.5
Fighting       | 1 2 3 5 |  5.4
Invocations    | 2 3 |  3.4

Action                   |  1- 3 |  4- 6 |  7- 9 | 10-12 || total
-------------------------+-------+-------+-------+-------++-------
Melee: Unarmed           |     8 |       |       |       ||     8
       Dagger            |   114 |   187 |       |       ||   301
       Rapier            |       |    24 |   325 |   227 ||   576
 Cast: Sting             |    26 |     5 |     9 |     1 ||    41
       Poisonous Vapours |    25 |    25 |    70 |    68 ||   188
       Mephitic Cloud    |     3 |     5 |    29 |    25 ||    62
       Olgreb's Toxic Ra |       |       |     9 |    11 ||    20
Invok: Divine Energy     |       |       |       |     1 ||     1
Evoke: Wand              |       |     4 |    29 |    10 ||    43
  Use: Scroll            |     4 |     2 |     8 |     1 ||    15
       Potion            |     3 |     1 |     5 |     4 ||    13
 Stab: Sleeping          |     1 |     4 |    10 |     3 ||    18
       Confused          |       |     2 |     9 |    10 ||    21
       Distracted        |       |       |     1 |       ||     1
  Eat: Ration            |       |     2 |     4 |     4 ||    10
Armor: Robe              |    17 |    23 |    19 |    10 ||    69
Dodge: Dodged            |   120 |   230 |   301 |   164 ||   815
